 Dungeon Crawl Stone Soup version 0.29.0-4-gdea44cf6ec (webtiles) character file.

Game seed: 8776235307157935274

275 qw the Chopper (level 6, -10/35 HPs)
             Began as a Tengu Warper on Aug 28, 2022.
             Killed from afar by Ijyb (15 damage)
             ... with a bolt of dispelling energy
             ... on level 3 of the Dungeon.
             The game lasted 00:00:15 (2400 turns).

qw the Chopper (Tengu Warper)                       Turns: 2400, Time: 00:00:15

Health: -10/35     AC: 10    Str: 13    XL:     6   Next: 24%
Magic:  10/10      EV:  9    Int: 14    God:
Gold:   141        SH:  9    Dex: 13    Spells: 9/9 levels left

rFire   . . .      SeeInvis .   Y - +1 hand axe
rCold   . . .      Faith    .   c - +0 kite shield
rNeg    . . .      Spirit   .   l - +0 scale mail
rPois   .          Reflect  .   (helmet restricted)
rElec   .          Harm     .   (no cloak)
rCorr   .          Rampage  .   (no gloves)
Will    .....                   (boots unavailable)
Stlth   ..........              (no amulet)
HPRegen 0.11/turn               n - +4 ring of protection
MPRegen 0.12/turn               (no ring)

@: flying quickly and evasively, quick
A: beak, talons 3, nimble flight
a: no special abilities


You were on level 3 of the Dungeon.
You visited 1 branch of the dungeon, and saw 3 of its levels.

You collected 141 gold pieces.


Innate Abilities, Weirdness & Mutations

You have a beak for a mouth.
You have claws for feet.
Your magical nature lets you fly swiftly and evasively.


   Skills:
 - Level 2.0 Fighting
 + Level 4.8 Axes
 - Level 1.0 Throwing
 - Level 1.1 Armour
 - Level 2.1 Dodging
 - Level 4.3 Shields
 - Level 2.0 Spellcasting
 - Level 2.4 Translocations


You had 9 spell levels left.
You didn't know any spells.
Your spell library contained the following spells:

 Spells                   Type           Power      Damage    Failure   Level
 Blink                    Tloc           16%        N/A       89%         2
 Gell's Gravitas          Tloc           8%         N/A       98%         3
 Lesser Beckoning         Tloc           8%         N/A       98%         3
 Teleport Other           Tloc           8%         N/A       98%         3
 Manifold Assault         Tloc           8%         N/A       100%        5

Inventory:

Hand Weapons
 d - a +0 whip
 Y - a +1 hand axe (weapon)
Missiles
 i - 2 boomerangs (quivered)
Armour
 c - a +0 kite shield (worn)
 l - a +0 scale mail (worn)
Jewellery
 n - a +4 ring of protection (left hand)
Scrolls
 e - a scroll of identify
Potions
 b - a potion of heal wounds {unknown}
 m - a potion of curing

Dungeon Overview and Level Annotations

Branches:
Dungeon (3/15)

Altars:
Nemelex Xobeh

Shops:
D:2 [

Annotations:
D:3 Ijyb


Message History

Ijyb shouts!
You hit Terence. You peck Terence, but do no damage.
Terence is almost dead.
You block Terence's attack. Terence closely misses you.
You slash Terence!
You kill Terence!
You hit the goblin.
The goblin is moderately wounded.
The goblin hits you but does no damage.
You hit the goblin.
You kill the goblin!
Ijyb hits you but does no damage.
Items here: % )) [.
You barely miss Ijyb. Your kick misses Ijyb. You block Ijyb's attack.
You miss Ijyb. Your kick misses Ijyb. You block Ijyb's attack. x2
You hit Ijyb. You claw Ijyb.
Ijyb is lightly wounded.
Ijyb zaps a wand.
The bolt of dispelling energy hits you!
An endoplasm comes into view.
2396 ||| READING 2 scrolls of teleportation.
As you read the scroll of teleportation, it crumbles to dust.
You feel strangely unstable. Ijyb hits you but does no damage.
You hit Ijyb but do no damage. Your kick misses Ijyb. Your peck misses Ijyb.
Ijyb is lightly wounded.
You block Ijyb's attack.
You miss Ijyb. You claw Ijyb.
Ijyb is moderately wounded.
Your surroundings seem slightly different.
2399 ||| READING scroll of teleportation.
As you read the scroll of teleportation, it crumbles to dust.
You feel strangely unstable.
A quokka comes into view.
You hit the endoplasm.
The endoplasm is almost dead.
Ijyb zaps a wand.
The bolt of dispelling energy hits you!
You feel strangely stable.
You die...

#......# $....... #......#
####.......# ####......#
#..........# ...#....>>#
#...#.....##
...#......######...)......#
..........................#
..........#####%..g.......#
..........# ##...........
..........# #@J.##......
..........# #....###...#
..........# ..#..# ....
..........# ###..## ..8
#........... ...
#........##. ....
........... .. ..
..........# ..r#.8
..........#


You could see Ijyb, an endoplasm and a quokka.

Vanquished Creatures
  Sigmund (D:2)
  Terence (D:3)
  2 adders
  2 worms (D:2)
  3 dart slugs
  4 ball pythons (D:1)
  5 endoplasms (D:1)
  A giant cockroach (D:2)
  7 goblins
  5 hobgoblins
  5 jackals
  2 quokkas (D:1)
  7 bats
  5 frilled lizards
  2 kobolds
  A rat (D:3)
53 creatures vanquished.

Notes
Turn   | Place    | Note
-------+----------+-------------------------------------------
     0 | D:1      | qw the Tengu Warper began the quest for the Orb.
     0 | D:1      | Reached XP level 1. HP: 12/12 MP: 4/4
     0 | D:1      | 0 ||| qw: Version: 0.1-a-89-g26bdef1
     0 | D:1      | 0 ||| qw: Game counter: 2515
     0 | D:1      | 0 ||| qw: Always use a shield: true
     0 | D:1      | 0 ||| qw: God list: Okawaru
     0 | D:1      | 0 ||| qw: Allow faded altars: false
     0 | D:1      | 0 ||| qw: Do Orc after D:15 true
     0 | D:1      | 0 ||| qw: Do second Lair branch before Depths: true
     0 | D:1      | 0 ||| qw: Lair rune preference: random
     0 | D:1      | 0 ||| qw: Plans: Normal
     0 | D:1      | 0 ||| PLANNING D:1-11
    76 | D:1      | 76 ||| Stepping ~*~*~tactically~*~*~ (stealth).
    78 | D:1      | 78 ||| Stepping ~*~*~tactically~*~*~ (stealth).
   202 | D:1      | Reached XP level 2. HP: 17/17 MP: 6/6
   205 | D:1      | 205 ||| Stepping ~*~*~tactically~*~*~ (stealth).
   207 | D:1      | Reached skill level 3 in Axes
   302 | D:1      | 302 ||| Stepping ~*~*~tactically~*~*~ (hiding).
   660 | D:1      | Reached XP level 3. HP: 19/21 MP: 7/7
   737 | D:1      | 737 ||| DROPPING +0 club.
  1033 | D:1      | 1033 ||| UPGRADING to +0 ring mail.
  1044 | D:1      | 1044 ||| DROPPING +0 leather armour.
  1045 | D:1      | 1045 ||| READING scroll labelled VYDYLU SITTIT.
  1046 | D:1      | 1046 ||| READING scroll labelled KOHOUTHRESHE.
  1079 | D:1      | Found a faded altar of an unknown god.
  1271 | D:1      | 1271 ||| READING scroll labelled ZET USKEACWUOWAPHY.
  1272 | D:1      | 1272 ||| READING scroll labelled TETAVEPR ISEDYPS.
  1282 | D:1      | 1282 ||| READING scroll labelled ZEANTE ACWIC.
  1283 | D:1      | 1283 ||| DROPPING scroll of blinking.
  1284 | D:1      | 1284 ||| Stepping randomly (stuck).
  1285 | D:1      | 1285 ||| Stepping randomly (stuck).
  1307 | D:1      | 1307 ||| Stepping randomly (stuck).
  1308 | D:1      | 1308 ||| Stepping randomly (stuck).
  1309 | D:1      | 1309 ||| Stepping randomly (stuck).
  1310 | D:1      | 1310 ||| Stepping randomly (stuck).
  1311 | D:1      | 1311 ||| Stepping randomly (stuck).
  1312 | D:1      | 1312 ||| Stepping randomly (stuck).
  1405 | D:1      | 1405 ||| UPGRADING to +0 kite shield.
  1421 | D:2      | 1421 ||| STAIRDANCE
  1527 | D:2      | Reached skill level 1 in Shields
  1573 | D:2      | Noticed Sigmund
  1574 | D:2      | 1574 ||| Stepping ~*~*~tactically~*~*~ (hiding).
  1575 | D:2      | 1575 ||| Stepping ~*~*~tactically~*~*~ (hiding).
  1586 | D:2      | Killed Sigmund
  1587 | D:2      | Reached XP level 4. HP: 19/26 MP: 8/8
  1587 | D:2      | Gained mutation: Your magical nature lets you fly swiftly
                  | and evasively. [Tengu growth]
  1587 | D:2      | Reached XP level 5. HP: 22/30 MP: 9/9
  1693 | D:2      | Reached XP level 6. HP: 35/35 MP: 10/10
  1838 | D:2      | Found Yrchiush's Antique Armour Shoppe.
  1862 | D:2      | 1862 ||| SHOPLISTING chain mail (121 gold, have 113).
  1862 | D:2      | 1862 ||| SHOPLISTING cloak (121 gold, have 113).
  1868 | D:2      | 1868 ||| Stepping ~*~*~tactically~*~*~ (hiding).
  2005 | D:2      | 2005 ||| UPGRADING to +0 scale mail.
  2015 | D:2      | 2015 ||| DROPPING +0 ring mail.
  2016 | D:2      | 2016 ||| UPGRADING to +4 ring of protection.
  2017 | D:2      | 2017 ||| READING 3 scrolls labelled EPLICHOJAL.
  2018 | D:2      | 2018 ||| READING scroll labelled DIREFY LETI.
  2019 | D:2      | 2019 ||| READING scroll labelled SUIRAG PUSEMYC.
  2020 | D:2      | 2020 ||| READING scroll labelled PUISCH UHONLO.
  2021 | D:2      | 2021 ||| READING 2 scrolls labelled SELIMETHOR.
  2022 | D:2      | 2022 ||| READING 2 scrolls of identify.
  2022 | D:2      | 2022 ||| IDENTIFYING sedimented dark potion
  2023 | D:2      | 2023 ||| DROPPING potion of attraction.
  2024 | D:2      | 2024 ||| DROPPING scroll of noise.
  2025 | D:2      | 2025 ||| Stepping randomly (stuck).
  2026 | D:2      | 2026 ||| Stepping ~*~*~tactically~*~*~ (cloud).
  2314 | D:3      | Found a sparkling altar of Nemelex Xobeh.
  2352 | D:3      | 2352 ||| Stepping ~*~*~tactically~*~*~ (stealth).
  2371 | D:3      | Noticed Terence
  2387 | D:3      | Noticed Ijyb
  2389 | D:3      | Killed Terence
  2395 | D:3      | HP: 5/35 [Ijyb/bolt of dispelling energy (15)]
  2396 | D:3      | 2396 ||| READING 2 scrolls of teleportation.
  2399 | D:3      | 2399 ||| READING scroll of teleportation.
  2400 | D:3      | Killed from afar by Ijyb

Levels and vault maps discovered:
D:1:      scummos_arrival_simple_fountains, layout_basic,
          ebering_ecumenical_altar_hall, chequers_arboretum, dk_noncrumbling_4,
          kennysheep_flooded_box, hangedman_glass_teeth
D:2:      layout_rooms, serial_shops, shop, uniq_sigmund
D:3:      layout_rooms, zin_treasury, mainiacjoe_overflow_cross_hatched,
          led_xom_imps, wad_floor_pattern_untrapped, uniq_crazy_yiuf_cottage,
          uniq_ijyb, uniq_terence

Skill      XL: |  1  2  3 |
---------------+----------+-----
Axes           | 3 4 |  4.8
Shields        | 4 |  4.3
Fighting       | |  2.0
Throwing       | |  1.0
Armour         | |  1.1
Dodging        | |  2.1
Spellcasting   | |  2.0
Translocations | |  2.4

Action                   |  1- 3 |  4- 6 || total
-------------------------+-------+-------++-------
Melee: Hand axe          |    62 |    55 ||   117
       Kick              |    19 |    20 ||    39
       Peck              |     9 |    11 ||    20
Throw: Boomerang         |    33 |    27 ||    60
  Use: Scroll            |     5 |     8 ||    13
Armor: Leather armour    |    16 |       ||    16
       Ring mail         |     3 |    13 ||    16
       Scale mail        |       |     6 ||     6
Dodge: Dodged            |    38 |    14 ||    52
Block: Kite shield       |     5 |    19 ||    24

Table legend:
 A = Non-vault XP
 B = Vault XP
 C = Vault XP percentage of total XP
 D = Non-vault monster count
 E = Vault monster count
 F = Vault count percentage of total count
                 A         B        C        D         E       F
            +---------+---------+-------+---------+---------+-------
      Total |     122 |     271 |  69.0 |      51 |       2 |   3.8
            +---------+---------+-------+---------+---------+-------
        D:1 |      73 |       0 |   0.0 |      34 |       0 |   0.0
        D:2 |      42 |     239 |  85.1 |      11 |       1 |   8.3
        D:3 |       7 |      32 |  82.1 |       6 |       1 |  14.3
            +---------+---------+-------+---------+---------+-------
